AoeStats
← Malelf

Four Lakes

507671115Analyzed
1v1 RM · 13d ago on Sep 19, 2026· 22m 22s· 2 players
Game mode
Random Map
Map size
Tiny (2 player)
Population
200
Speed
Normal
Resources
Standard
Victory
Conquest
Starting age
Dark Age
Ending age
Imperial Age
RankedLock teamsTeams togetherTeam positionsShared explorationLock speedFull tech treeHidden civsTurbo modeCheats
Victory
Defeat
🇨🇳 Inca · China
1695
+16
🇮🇹 Magyars · Italy
1685
-16
Malelf
7:57 Loom
10:39 Feudal Age
11:09 Double-Bit Axe
15:33 Bloodlines
15:59 Wheelbarrow
16:45 Horse Collar
17:31 Fishing Lines
19:10 Scale Barding Armor
22:22 Castle Age
21:42 Gold Mining
22:06 Fletching
海峡
10:06 Loom
13:09 Feudal Age
13:54 Double-Bit Axe
14:25 Fishing Lines
16:56 Castle Age
14:24 Champi Runner
15:27 Champi Runner
16:18 Scale Mail Armor
16:29 Forging
17:06 Champi Warrior
17:47 Squires
18:37 Gold Mining
20:47 Iron Casting
21:44 Arson
Connection lost

Rejoining the realm…

Still unreachable

The connection could not be restored.

Session expired

The server has moved on; the page needs a fresh start.